 Dungeon Crawl Stone Soup version 0.15.1-3-g1b33baa (webtiles) character file.

105 CrazyArbalest the Covered (level 5, -7/36 HPs)
             Began as a Halfling Fighter on Oct 6, 2014.
             Mangled by a gnoll
             ... wielding a +0 halberd
              (9 damage)
             ... on Level 2 of the Dungeon.
             The game lasted 00:06:09 (1505 turns).

CrazyArbalest the Covered (Halfling Fighter)        Turns: 1505, Time: 00:06:09

HP  -7/36        AC  7     Str 16      XL: 5   Next:  8%
MP   5/5         EV 11     Int  7      God:
Gold 121         SH  6     Dex 15      Spells:  0 memorised,  4 levels left

rFire  . . .     SeeInvis .     a - +0 cutlass
rCold  . . .     Clarity  .     s - +0 ring mail (curse)
rNeg   . . .     rCorr    .     c - +0 buckler
rPois  .         rRot     .     n - +0 helmet
rElec  .         Spirit   .     (no cloak)
SustAb .         Warding  .     (no gloves)
rMut   .         Stasis   +     (no boots)
Gourm  .                        g - amulet of stasis
MR     .....                    (no ring)
                                (no ring)

@: not resistant to hostile enchantments, very unstealthy
A: mutation resistance 1
a: no special abilities


You were on level 2 of the Dungeon.
You were not hungry.

You visited 1 branch of the dungeon, and saw 2 of its levels.

You collected 121 gold pieces.

Inventory:

Hand weapons
 a - a +0 cutlass (weapon)
Missiles
 j - 59 stones (quivered)
 t - 23 sling bullets
Armour
 b - a +0 scale mail
 c - a +0 buckler (worn)
 n - a +0 helmet (worn)
 s - a cursed +0 ring mail (worn)
Comestibles
 d - a bread ration
 i - 2 meat rations
 q - a royal jelly
 r - a slice of pizza
 z - a chunk of adder flesh
 A - a rotting chunk of bat flesh
 B - a chunk of bat flesh
 C - 2 chunks of goblin flesh
Scrolls
 f - 2 scrolls of enchant armour {unknown}
 k - 2 scrolls of magic mapping {unknown}
 l - 4 scrolls of identify {unknown}
 w - a scroll of immolation {unknown}
 y - a scroll of remove curse {unknown}
Jewellery
 g - an amulet of stasis (around neck)
 o - an uncursed ring of protection from fire {unknown}
Potions
 e - a potion of might
 h - a potion of lignification {unknown}
 m - a potion of cancellation {unknown}
 p - a potion of flight {unknown}
 u - a potion of curing {unknown}
 v - a potion of haste {unknown}
 x - a potion of resistance {unknown}


   Skills:
 + Level 3.0 Fighting
 + Level 3.1 Short Blades
 + Level 4.2 Armour
 + Level 1.9 Dodging
 + Level 0.4 Stealth
 + Level 4.1 Shields


You had 4 spell levels left.
You didn't know any spells.

Dungeon Overview and Level Annotations

Branches:
Dungeon (2/15)

Altars:


Innate Abilities, Weirdness & Mutations

You are small and have problems with some larger weapons.
You are somewhat resistant to further mutation.


Message History

The gnoll is heavily wounded.
The gnoll hits you but does no damage. You block the gnoll's attack.
You hit the gnoll.
The gnoll is severely wounded.
The gnoll hits you but does no damage.
The gnoll hits you from afar with a halberd.
You hit the gnoll.
The gnoll is almost dead.
The gnoll barely misses you.
You puncture the gnoll!
You kill the gnoll!
You have reached level 5!
You feel agile. The gnoll hits you with a halberd!
Things that are here:
a halberd; a hunting sling You barely miss the gnoll.
The gnoll hits you with a halberd!
* * * LOW HITPOINT WARNING * * *
You barely miss the gnoll. The gnoll hits you with a halberd!
You die...

#......####....###
#.......###..###
## #.........#..#
#. ##....###....##
#. ##..####.....##
#. #.## #.......#
## #%# #.......#
#)# #.......# #@#
##.....## #g#
##.....## #.#
#.......# #.#
#.......##### #.#
#.......#.... #.#
##.....#).### .<.
##......## ...
#....####### ...
#...........


You could see a gnoll.

Vanquished Creatures
  3 gnolls (D:2)
  4 adders (D:2)
  2 giant cockroaches
  5 goblins
  4 hobgoblins
  11 kobolds
  A quokka (D:2)
  7 bats
  A giant gecko (D:1)
  2 jackals (D:1)
  5 rats
45 creatures vanquished.

Notes
Turn   | Place    | Note
--------------------------------------------------------------
     0 | D:1      | CrazyArbalest, the Halfling Fighter, began the quest for the Orb.
     0 | D:1      | Reached XP level 1. HP: 15/15 MP: 1/1
   151 | D:1      | Reached XP level 2. HP: 17/20 MP: 2/2
   450 | D:1      | Reached XP level 3. HP: 21/25 MP: 3/3
   867 | D:2      | Reached skill level 1 in Dodging
   976 | D:2      | Reached skill level 4 in Armour
   976 | D:2      | Reached XP level 4. HP: 25/30 MP: 4/4
  1502 | D:2      | Reached XP level 5. HP: 24/36 MP: 5/5
  1505 | D:2      | Mangled by a gnoll

Action                   |  1- 3 |  4- 6 || total
-------------------------+-------+-------++-------
Melee: Cutlass           |   132 |    69 ||   201
  Eat: Chunk             |       |     2 ||     2
